 Dungeon Crawl Stone Soup version 0.19.5 (webtiles) character file.

207 greprep the Chopper (level 5, 0/47 HPs)
             Began as a Minotaur Fighter on May 1, 2017.
             Slain by an ice beast (11 damage)
             ... on level 5 of the Dungeon.
             The game lasted 00:07:13 (2428 turns).

greprep the Chopper (Minotaur Fighter)              Turns: 2428, Time: 00:07:14

Health: 0/47       AC:  7    Str: 22    XL:     5   Next: 54%
Magic:  4/4        EV:  8    Int:  5    God:
Gold:   225        SH:  9    Dex:  9    Spells: 0 memorised, 4 levels left

rFire  . . .     SeeInvis .     a - +0 war axe
rCold  . . .     Gourm    .     b - +0 scale mail
rNeg   . . .     Faith    .     c - +0 shield
rPois  .         Spirit   .     (helmet restricted)
rElec  .         Reflect  .     (no cloak)
rCorr  .         Harm     .     (no gloves)
MR     .....                    (no boots)
Stlth  ..........               (no amulet)
                                (no ring)
                                (no ring)

@: no status effects
A: retaliatory headbutt, horns 2
a: no special abilities


You were on level 5 of the Dungeon.
You were not hungry.

You visited 1 branch of the dungeon, and saw 6 of its levels.

You collected 225 gold pieces.

Inventory:

Hand Weapons
 a - a +0 war axe (weapon)
Armour
 b - a +0 scale mail (worn)
 c - a +0 shield (worn)
Jewellery
 n - an uncursed ring of wizardry {unknown}
 p - an uncursed amulet of rage {unknown}
Scrolls
 h - 4 scrolls of identify {unknown}
 j - 3 scrolls of remove curse {unknown}
 k - a scroll of teleportation {unknown}
 l - 2 scrolls of magic mapping {unknown}
 m - a scroll of enchant armour {unknown}
 r - a scroll of recharging {unknown}
 s - a scroll of immolation {unknown}
 t - a scroll of enchant weapon {unknown}
Potions
 d - 3 potions of might
 e - 3 potions of lignification {unknown}
 i - 2 potions of degeneration {unknown}
 o - a potion of curing {unknown}
 q - a potion of haste
 u - a potion of berserk rage {unknown}
 v - a potion of brilliance {unknown}
Comestibles
 f - 4 bread rations
 g - 2 meat rations


   Skills:
 + Level 4.3 Fighting
 + Level 5.2 Axes
 + Level 4.2 Armour
 + Level 0.9 Dodging
 + Level 4.6 Shields


You had 4 spell levels left.
You didn't know any spells.

Dungeon Overview and Level Annotations

Branches:
Dungeon (6/15)
 Temple: D:4-7

Altars:
Cheibriados


Innate Abilities, Weirdness & Mutations

You reflexively headbutt those who attack you in melee.
You have a pair of horns on your head.


Message History

You headbutt the ice beast, but do no damage.
The worker ant bites you but does no damage.
You slash the worker ant!
You kill the worker ant!
You hit the ice beast but do no damage.
The ice beast hits you but does no damage.
You barely miss the ice beast. Your headbutt misses the ice beast.
The ice beast hits you but does no damage.
The ice beast hits you. The ice beast freezes you!
You slash the ice beast! Your headbutt misses the ice beast.
The ice beast is moderately wounded.
You block the ice beast's attack.
You hit the ice beast.
The ice beast is moderately wounded.
The ice beast hits you. The ice beast freezes you.
* * * LOW HITPOINT WARNING * * *
The ice beast hits you.
* * * LOW HITPOINT WARNING * * *
The ice beast freezes you!
You die...

#.
##.############
...............
............#.#
#...........##
.##..........#.#
...............
##....(Y...####
#.....@...#
#.....$...#
###.###.##..###
...............
######..##..####
#..# #$# #.># .#
#.....# #.##.##


You could see an ice beast.

Vanquished Creatures
  Jessica (D:2)
  Ijyb (D:2)
  Terence (D:2)
  A worker ant (D:5)
  Robin (D:2)
  An ooze (D:3)
  4 worms
  2 orcs (D:3)
  4 giant cockroaches
  23 goblins
  11 hobgoblins
  6 jackals (D:3)
  3 ball pythons
  5 bats
  2 frilled lizards
  A kobold (D:3)
  6 rats
73 creatures vanquished.

Notes
Turn   | Place    | Note
-------+----------+-------------------------------------------
     0 | D:1      | greprep the Minotaur Fighter began the quest for the Orb.
     0 | D:1      | Reached XP level 1. HP: 19/19 MP: 0/0
   163 | D:1      | Reached XP level 2. HP: 25/27 MP: 1/1
   355 | D:1      | Reached skill level 3 in Axes
   471 | D:2      | Noticed Ijyb
   477 | D:2      | Killed Ijyb
   477 | D:2      | Reached XP level 3. HP: 33/33 MP: 2/2
   519 | D:2      | Noticed Terence
   519 | D:2      | Noticed Robin
   531 | D:2      | Killed Terence
   531 | D:2      | Reached skill level 4 in Axes
   531 | D:2      | Reached XP level 4. HP: 14/40 MP: 3/3
   902 | D:2      | Killed Robin
  1119 | D:2      | Noticed Jessica
  1122 | D:2      | Killed Jessica
  1189 | D:2      | Reached skill level 5 in Axes
  1189 | D:2      | Reached XP level 5. HP: 36/46 MP: 4/4
  1339 | D:2      | Found a snail-covered altar of Cheibriados.
  2368 | D:4      | You fall through a shaft for 2 floors!
  2409 | D:5      | Entered Level 5 of the Dungeon
  2415 | D:5      | Noticed an ice beast
  2428 | D:5      | Slain by an ice beast

Skill      XL: |  1  2  3  4 |
---------------+-------------+-----
Axes           | 3 4 5 |  5.2
Shields        | 4 |  4.6
Fighting       | 4 |  4.3
Armour         | 4 |  4.2
Dodging        | |  0.9

Action                   |  1- 3 |  4- 6 || total
-------------------------+-------+-------++-------
Melee: War axe           |    53 |    96 ||   149
       Headbutt          |     9 |    17 ||    26
  Eat: Chunk             |       |     1 ||     1
       Bread ration      |       |     1 ||     1
Armor: Scale mail        |    24 |    64 ||    88
Dodge: Dodged            |    19 |    48 ||    67
Block: Shield            |    32 |    69 ||   101
